 Dungeon Crawl Stone Soup version 0.17-a0-1399-gd5b76e1 (webtiles) character file.

7370 RobertPalmer the Bludgeoner (level 11, -1/180 HPs)
             Began as an Ogre Chaos Knight on June 18, 2015.
             Slain by a hellwing (5 damage)
             ... summoned by Xom
             ... on level 11 of the Dungeon.
             The game lasted 00:23:34 (10530 turns).

RobertPalmer the Bludgeoner (Ogre Chaos Knight)    Turns: 10530, Time: 00:23:34

Health: -1/180     AC: 25    Str: 21    XL:     11   Next: 14%
Magic:  11/11      EV:  1    Int: 13    God:    Xom [......]
Gold:   719        SH:  0    Dex: 12    Spells: 1 memorised, 8 levels left

rFire  . . .     SeeInvis +     a - +0 giant spiked club
rCold  . . .     Clarity  .     (armour currently unavailable)
rNeg   + + +     SustAt   .     (no shield)
rPois  +         Gourm    .     (helmet currently unavailable)
rElec  .         Spirit   .     (cloak currently unavailable)
rCorr  .         Warding  .     (gloves unavailable)
rMut   .         NoTele   +     (boots unavailable)
MR     +....                    (no amulet)
Stlth  ++........               E - ring of stealth {Stlth+}
                                A - ring of see invisible {sInv, !d}

@: tree-form, somewhat resistant to hostile enchantments, unstealthy
A: unfitting armour, (hooves 0), (horns 0), (thin metallic scales 0), clever 1,
robust 2, spit poison 1, strong 1, (tough skin 0)
a: Spit Poison, Renounce Religion


You were on level 11 of the Dungeon.
You worshipped Xom.
You were a very special plaything of Xom.
You were not hungry.
You were a tree.
You visited 1 branch of the dungeon, and saw 12 of its levels.
You also visited: Sewer.

You collected 719 gold pieces.

Inventory:

Hand weapons
 a - a +0 giant spiked club (weapon)
   (You took it off a two-headed ogre on level 8 of the Dungeon)
Missiles
 J - 8 curare-tipped needles
Armour
 i - a +2 robe (melded)
 q - a +0 cloak (melded)
   (You found it on level 4 of the Dungeon)
Jewellery
 A - a ring of see invisible (left branch) {sInv, !d}
   (You found it on level 6 of the Dungeon)
 E - a ring of stealth (right branch) {Stlth+}
   (You found it on level 7 of the Dungeon)
 O - an uncursed ring of wizardry {Wiz+, !d}
   (You found it on level 12 of the Dungeon)
Magical devices
 w - a wand of polymorph (19)
   (You took it off Crazy Yiuf on level 6 of the Dungeon)
 B - a wand of confusion (28)
   (Xom gifted it to you on level 7 of the Dungeon)
 C - a wand of confusion (19)
   (You found it on level 7 of the Dungeon)
 H - a wand of confusion (25)
   (You found it on level 8 of the Dungeon)
 N - a wand of magic darts (21)
   (You took it off a big kobold on level 10 of the Dungeon)
Scrolls
 d - a scroll of immolation {!r}
 e - a scroll of fog
 g - 3 scrolls of teleportation
 u - 3 scrolls of amnesia
 x - 2 scrolls of remove curse
 y - 2 scrolls of magic mapping {!r}
 F - a scroll of enchant weapon
Potions
 h - a potion of haste {unknown}
 j - a potion of might
 l - a potion of curing
 m - 3 potions of resistance
 n - a potion of lignification {!q}
 o - a potion of cancellation {unknown}
 r - a potion of brilliance
 s - a potion of flight
 v - a potion of degeneration {unknown}
 D - a potion of invisibility {unknown}
 G - a potion of mutation {unknown}
 K - a potion of ambrosia {!q}
 M - a potion of poison {unknown}
Books
 t - a book of Minor Magic {@w0}
   (You found it on level 5 of the Dungeon)
 z - a book of Burglary
   (You found it on level 6 of the Dungeon)
 I - a book of Air
   (You found it on level 8 of the Dungeon)
 L - a book of Frost
   (You found it on level 9 of the Dungeon)
Comestibles
 c - 5 bread rations {@e1}
 f - 4 beef jerkies
 k - 7 meat rations {@e2}
 p - 33 fruits


   Skills:
 - Level 4.0 Fighting
 + Level 19.9 Maces & Flails
 - Level 2.1 Dodging


You had 8 spell levels left.
You knew the following spells:

 Your Spells              Type           Power        Failure   Level  Hunger
d - Repel Missiles        Chrm/Air       #.....       47%         2    ###....


Dungeon Overview and Level Annotations

Branches:
Dungeon (12/15)            Temple (0/1) D:4
   Lair: D:8-11         Orc: D:9-12

Altars:
Ashenzari
Cheibriados
Elyvilon
Gozag
Makhleb
Okawaru
Ru
Sif Muna
Xom
Yredelemnul
Jiyva

Shops:
D:6 %


Innate Abilities, Weirdness & Mutations

You are too large for most types of armour.
((You have tough skin (AC +1).))
((You have large cloven feet.))
((You have a pair of small horns on your head.))
((You are partially covered in thin metallic scales (AC +2).))
Your mind is acute. (Int +2)
You are very robust (+20% HP).
You can spit weak poison.
Your muscles are strong. (Str +2)


Message History

You hit the black bear. The black bear closely misses you.
The black bear claws you.
* * * LOW HITPOINT WARNING * * *
The black bear claws you.
* * * LOW HITPOINT WARNING * * *
You take 2 damage, and have 35/120 hp.
Unknown command.
You bludgeon the black bear!!
You kill the black bear!
You feel your intelligence returning.
A worker ant comes into view.
The red ugly thing tail-slaps you!
* * * LOW HITPOINT WARNING * * *
You are engulfed in flames!
* * * LOW HITPOINT WARNING * * *
You take 22 damage, and have 13/120 hp.
Your surroundings suddenly seem different.
Found 11 poisoned needles and 23 stones.
Found an escape hatch in the floor.
You start resting.
Eating a chunk of flesh {@w0}.
You continue eating. x2
You feel a little less agile now.
You regained 7 hp, and now have 20/120 hp.
You start resting. "Fight to survive, mortal."
You regained 27 hp, and now have 47/120 hp.
The ufetubus barely misses you. x2
Found a stone staircase leading down.
You see here 11 poisoned needles.
The ufetubus misses you. The ufetubus closely misses you.
You completely miss the ufetubus. Your kick misses the ufetubus.
Your headbutt misses the ufetubus. The ufetubus barely misses you.
The ufetubus barely misses you.
You impale the ufetubus!!
You kill the ufetubus!
The white imp gestures at you. The puff of frost hits you!
You take 5 damage, and have 43/120 hp.
You hit the hellwing but do no damage. Your kick misses the hellwing.
The hellwing blocks your attack.
The hellwing's corpse armour sloughs away.
The hellwing gestures at you.
You easily resist.
You hit the hellwing but do no damage.
You kick the hellwing, but do no damage.
The hellwing barely misses you. The hellwing misses you.
You closely miss the hellwing. Your kick misses the hellwing.
The hellwing barely misses you.
The hellwing hits you but does no damage.
You hit the hellwing but do no damage. Your kick misses the hellwing.
The hellwing hits you!
* * * LOW HITPOINT WARNING * * *
The hellwing barely misses you.
You take 8 damage, and have 36/120 hp.
You hit the hellwing but do no damage. Your kick misses the hellwing.
Your headbutt misses the hellwing. The hellwing barely misses you.
The hellwing hits you but does no damage.
Unknown command.
You hit the hellwing but do no damage. You headbutt the hellwing.
You hit the hellwing. Your kick misses the hellwing.
The hellwing gestures at you.
You easily resist.
You barely miss the hellwing. The hellwing gestures at you.
You easily resist.
You closely miss the hellwing.
You kick the hellwing, but do no damage.
Your headbutt misses the hellwing.
The hellwing hits you but does no damage.
The hellwing hits you!
* * * LOW HITPOINT WARNING * * *
You take 7 damage, and have 30/120 hp.
You impale the hellwing!!
You headbutt the hellwing, but do no damage.
The hellwing hits you.
* * * LOW HITPOINT WARNING * * *
The hellwing hits you.
* * * LOW HITPOINT WARNING * * *
You take 11 damage, and have 19/120 hp.
You hit the hellwing but do no damage. Your headbutt misses the hellwing.
The hellwing hits you but does no damage.
The hellwing hits you.
* * * LOW HITPOINT WARNING * * *
You take 1 damage, and have 18/120 hp.
Drink which item? (? for menu, Esc to quit)
It was a potion of flight.
You feel very buoyant.
You fly up into the air.
The hellwing hits you!
* * * LOW HITPOINT WARNING * * *
The hellwing hits you.
* * * LOW HITPOINT WARNING * * *
You take 15 damage, and have 3/120 hp.
Drink which item? (? for menu, Esc to quit)
It was a potion of lignification.
You turn into a tree.
Your +0 cloak melds into your body.
Your +2 robe melds into your body.
Your roots penetrate the ground.
Xom roars with laughter!
The hellwing hits you.
You die... "Huh?
Did I miss anything?"

. ####. .. #...+
... #.#.# ....
#.#.# ..... #...#
..
......###..##....
.......♣45......+
......###.#####.
##$## ##(#
#.5###+##
#.#.......
#+######.........
..>..............
.........#.......
........##.......


You could see a hellwing and a white imp.

Vanquished Creatures
  A hill giant (D:12)
  A two-headed ogre (D:8)
  Sigmund (D:3)
  A hippogriff (D:7)
  A warg (D:12)
  Edmund (D:5)
  5 ice beasts
  2 black bears
  2 sky beasts (D:6)
  3 orc warriors
  2 slaves (D:5)
  6 ogres
  3 phantoms
  4 centaurs
  A swamp drake (D:7)
  A crocodile (Sewer)
  3 big kobolds
  A wyvern zombie (D:12)
  3 scorpions
  2 giant frogs
  A water moccasin skeleton (D:10)
  2 centaur zombies
  A giant frog zombie (D:7)
  3 crimson imps
  5 orc priests
  2 giant frog skeletons
  2 jellies
  Crazy Yiuf (D:6)
  8 hounds
  4 centaur skeletons
  4 worker ants
  Terence (D:3)
  5 iguanas
  An iron imp (D:7)
  9 orc wizards
  2 killer bee zombies (D:8)
  A hound skeleton (D:5)
  Robin (D:4)
  3 worker ant zombies
  12 adders
  4 shadow imps
  3 oozes (D:4)
  4 worms (D:2)
  2 adder skeletons
  3 adder zombies
  4 giant geckos
  35 orcs
  2 bat skeletons
  7 giant cockroaches
  2 gnoll zombies (D:8)
  16 hobgoblins
  12 jackals
  39 kobolds
  3 quokkas
  2 ball pythons
  18 bats
  6 giant newts
  19 goblins
  A quokka zombie (D:8)
  12 rats
306 creatures vanquished.

Vanquished Creatures (collateral kills)
  Pikel (D:5)
  The ghost of Borgoz the Covert, an experienced KoAs (D:6)
  A slave (D:5)
  Blork the orc (D:5)
  An orc (D:9)
5 creatures vanquished.

Vanquished Creatures (others)
  A centaur (D:5)
  A quokka (D:4)
2 creatures vanquished.

Grand Total: 313 creatures vanquished

Notes
Turn   | Place    | Note
--------------------------------------------------------------
     0 | D:1      | RobertPalmer the Ogre Chaos Knight began the quest for the Orb.
     0 | D:1      | Reached XP level 1. HP: 24/24 MP: 1/1
   177 | D:1      | XOM: potion effect (invisibility)
   180 | D:1      | XOM: smoke on damage
   233 | D:1      | Reached XP level 2. HP: 32/32 MP: 2/2
   257 | D:1      | Found a shimmering altar of Xom.
   275 | D:1      | Reached skill level 5 in Maces & Flails
   703 | D:2      | Reached XP level 3. HP: 39/39 MP: 3/3
   824 | D:2      | Reached skill level 6 in Maces & Flails
   856 | D:2      | Reached XP level 4. HP: 32/48 MP: 4/4
  1219 | D:3      | Reached skill level 7 in Maces & Flails
  1276 | D:3      | Noticed Terence
  1285 | D:3      | Killed Terence
  1285 | D:3      | Reached XP level 5. HP: 49/54 MP: 5/5
  1383 | D:3      | Found a glowing drain.
  1391 | Sewer    | Entered a sewer
  1466 | Sewer    | Noticed a crocodile
  1473 | Sewer    | Killed a crocodile
  1473 | Sewer    | Reached skill level 8 in Maces & Flails
  1551 | D:3      | Reached XP level 6. HP: 58/62 MP: 6/6
  1669 | D:3      | XOM: colour smoke trail
  1710 | D:3      | Noticed Sigmund
  1724 | D:3      | Killed Sigmund
  1724 | D:3      | Reached skill level 9 in Maces & Flails
  2229 | D:4      | Reached skill level 10 in Maces & Flails
  2229 | D:4      | Reached XP level 7. HP: 51/70 MP: 7/7
  2384 | D:4      | XOM: summons 3 hostile demons
  2388 | D:4      | Found a white marble altar of Elyvilon.
  2595 | D:4      | XOM: 2-stop teleportation journey
  2620 | D:4      | Found a viscous altar of Jiyva.
  2770 | D:4      | Noticed Robin
  2786 | D:4      | Killed Robin
  2976 | D:4      | Found a staircase to the Ecumenical Temple.
  3021 | D:4      | Found an opulent altar of Gozag.
  3090 | D:4      | XOM: god gift: 21 arrows of dispersal
  3113 | D:4      | Found a shattered altar of Ashenzari.
  3243 | D:4      | XOM: cast spell 'Dragon Form'
  3273 | D:4      | XOM: divination: detect creatures
  3298 | D:5      | Entered Level 5 of the Dungeon
  3331 | D:5      | Noticed Blork the orc
  3335 | D:5      | XOM: summons friendly white imp
  3335 | D:5      | XOM: smoke on damage
  3343 | D:5      | Killed Blork the orc
  3343 | D:5      | Reached skill level 11 in Maces & Flails
  3562 | D:5      | XOM: confuse monster(s)
  3571 | D:5      | Reached XP level 8. HP: 57/78 MP: 8/8
  3603 | D:5      | Reached skill level 12 in Maces & Flails
  3844 | D:5      | Noticed Edmund
  3852 | D:5      | Killed Edmund
  3967 | D:5      | Reached skill level 13 in Maces & Flails
  4006 | D:5      | XOM: mild Tloc miscast
  4437 | D:5      | Learned a level 2 spell: Repel Missiles
  4611 | D:5      | Noticed Pikel
  4619 | D:5      | XOM: enchant monster (good)
  4625 | D:5      | XOM: summons 3 friendly demons
  4631 | D:5      | XOM: enchant monster (bad)
  4642 | D:5      | XOM: summons friendly iron imp
  4656 | D:5      | XOM: chaos cloud
  4657 | D:5      | Killed Pikel
  4657 | D:5      | Reached skill level 14 in Maces & Flails
  4657 | D:5      | Reached XP level 9. HP: 48/84 MP: 9/9
  5020 | D:6      | XOM: mild Summ miscast
  5104 | D:6      | Reached skill level 15 in Maces & Flails
  5170 | D:6      | Noticed Borgoz's ghost (experienced KoAs)
  5172 | D:6      | XOM: noise
  5239 | D:6      | Noticed Crazy Yiuf
  5273 | D:6      | Killed Crazy Yiuf
  5401 | D:6      | XOM: divination: detect creatures
  5559 | D:6      | Found Feywis's Food Emporium.
  5627 | D:6      | XOM: god gift: 50 gold pieces
  5647 | D:6      | XOM: cast spell 'Summon Ice Beast'
  5655 | D:6      | Killed Borgoz's ghost
  5809 | D:6      | Reached skill level 16 in Maces & Flails
  5902 | D:6      | XOM: colour smoke trail
  6220 | D:7      | XOM: confusion
  6306 | D:7      | XOM: harmless Divn miscast
  6370 | D:7      | XOM: confusion
  6374 | D:7      | XOM: confusion (+ monsters)
  6406 | D:7      | HP: 16/84 [orc warrior/short sword of electrocution (15)]
  6558 | D:6      | XOM: harmless Chrm miscast
  6641 | D:7      | XOM: divination: detect creatures
  6649 | D:7      | Reached XP level 10. HP: 48/92 MP: 10/10
  6731 | D:7      | Reached skill level 17 in Maces & Flails
  6774 | D:7      | XOM: polymorph crimson imp -> iron imp
  6789 | D:7      | XOM: mild Pois miscast
  6791 | D:7      | HP: 23/92 [centaur/arrow (2)]
  7037 | D:7      | Found a snail-covered altar of Cheibriados.
  7191 | D:7      | XOM: god gift: copper wand {god gift}
  7313 | D:7      | Found a deep blue altar of Sif Muna.
  7637 | D:8      | XOM: polymorph orc -> bat
  7671 | D:8      | Reached skill level 18 in Maces & Flails
  7674 | D:8      | XOM: swap monsters
  7809 | D:8      | Found a basalt altar of Yredelemnul.
  7842 | D:8      | XOM: vitrification
  7855 | D:8      | XOM: silly message
  7977 | D:9      | Found a burning altar of Makhleb.
  8033 | D:9      | XOM: 3-stop teleportation journey
  8458 | D:9      | XOM: summons 3 friendly demons
  8670 | D:9      | Found a sacrificial altar of Ru.
  8964 | D:10     | Entered Level 10 of the Dungeon
  9428 | D:10     | XOM: medium Tloc miscast
  9539 | D:10     | XOM: cast spell 'Metabolic Englaciation'
  9553 | D:10     | XOM: give mutations
  9553 | D:10     | Gained mutation: You are robust (+10% HP). [Xom's grace]
  9553 | D:10     | Gained mutation: You are very robust (+20% HP). [Xom's grace]
  9553 | D:10     | Gained mutation: You have large cloven feet. [Xom's grace]
  9553 | D:10     | Gained mutation: Your mind is acute. (Int +2) [Xom's grace]
  9761 | D:10     | XOM: give mutations
  9761 | D:10     | Gained mutation: You have a pair of small horns on your head. [Xom's grace]
  9761 | D:10     | Gained mutation: You are partially covered in thin metallic scales (AC +2). [Xom's grace]
  9761 | D:10     | Gained mutation: Your muscles are strong. (Str +2) [Xom's grace]
  9761 | D:10     | Gained mutation: You can spit weak poison. [Xom's grace]
  9778 | D:10     | Found an iron altar of Okawaru.
  9994 | D:10     | XOM: silly message
  9999 | D:10     | XOM: medium Divn miscast
 10002 | D:10     | Reached skill level 19 in Maces & Flails
 10147 | D:10     | You fall through a shaft for 2 floors!
 10198 | D:12     | XOM: enchant monster (bad)
 10199 | D:12     | XOM: chaos cloud
 10201 | D:12     | XOM: noise
 10206 | D:12     | Reached XP level 11. HP: 105/120 MP: 11/11
 10230 | D:12     | Noticed a hill giant
 10246 | D:12     | Killed a hill giant
 10273 | D:12     | XOM: cast spell 'Ring of Flames'
 10309 | D:12     | XOM: enchant monster (good)
 10312 | D:12     | HP: 29/120 [crocodile (14)]
 10313 | D:12     | XOM: vitrification
 10320 | D:12     | HP: 25/120 [crocodile (6)]
 10356 | D:12     | XOM: harmless Ice miscast
 10359 | D:12     | XOM: polymorph crocodile -> black bear
 10360 | D:12     | XOM: medium Hex miscast
 10366 | D:12     | HP: 24/120 [warg (8)]
 10373 | D:12     | HP: 28/120 [warg (6)]
 10392 | D:11     | XOM: silly message
 10395 | D:11     | HP: 29/120 [red ugly thing (7)]
 10395 | D:11     | HP: 13/120 [red ugly thing (16)]
 10508 | D:11     | XOM: summons 3 hostile demons
 10526 | D:11     | HP: 30/120 [hellwing[Xom] (8)]
 10529 | D:11     | HP: 9/120 [hellwing[Xom] (10)]
 10529 | D:11     | HP: 3/120 [hellwing[Xom] (6)]
 10530 | D:11     | Slain by a hellwing

Vault maps used:
D:1:      lightli_arrival_lavapool, xom_teletrap_fun
D:2:      first_bread
D:3:      lightli_sewer_entry_pipes, minmay_ruptured, uniq_sigmund, uniq_terence
D:4:      elyvilon_altar_4, kennysheep_mini_moat, lemuel_coloured_pillars_altar,
          temple_pool_b, jiyva_altar_1, uniq_robin
D:5:      kennysheep_kobold_camp, uniq_pikel, uniq_blork_the_orc, uniq_edmund
D:6:      serial_shops, shop, grunt_decor_cap, hangedman_decor_peaks_small,
          uniq_crazy_yiuf_cottage
D:7:      black_bear_nest_2, lemuel_blue_sif_altar,
          nicolae_overflow_crystal_walls
D:8:      lemuel_zombie_altar_yredelemnul
D:9:      nicolae_ru_path_of_blood, basic_altar
D:10:     blue_anna_alchemist, okawaru_ov_weapons_minmay
D:11:     grunt_lair_entry_elf_guard_hut, uniq_sonja
D:12:     david_orc_1_choice, serial_shops, nicolae_shop_statue_plus,
          amethyst_killhole, st_stairs_1, bh_walls_and_bars
Sewer:    sewer_the_crocodile

Action                   |  1- 3 |  4- 6 |  7- 9 | 10-12 || total
-------------------------+-------+-------+-------+-------++-------
Melee: Mace              |    91 |    81 |       |       ||   172
       Morningstar       |       |    44 |   105 |       ||   149
       Unarmed           |       |       |     3 |       ||     3
       Dire flail        |       |       |   212 |       ||   212
       Giant club        |       |       |   154 |    71 ||   225
       Giant spiked club |       |       |       |   226 ||   226
 Cast: Repel Missiles    |       |       |     1 |       ||     1
 Abil: Breathe Fire      |       |       |     1 |       ||     1
       Spit Poison       |       |       |       |     4 ||     4
Evoke: Wand              |       |       |     1 |       ||     1
  Use: Scroll            |       |     9 |     7 |     4 ||    20
       Potion            |       |     2 |     2 |    10 ||    14
 Stab: Invisible         |     2 |       |       |       ||     2
       Sleeping          |     1 |     1 |     1 |    11 ||    14
       Paralysed         |     3 |       |       |       ||     3
       Distracted        |       |       |     1 |     2 ||     3
       Confused          |       |       |     1 |       ||     1
  Eat: Chunk             |       |     5 |    15 |     7 ||    27
       Royal jelly       |       |       |       |     2 ||     2
       Pizza             |       |       |       |     1 ||     1

Vault maps used:
D:1:      lightli_arrival_lavapool, xom_teletrap_fun
D:2:      first_bread
D:3:      lightli_sewer_entry_pipes, minmay_ruptured, uniq_sigmund, uniq_terence
D:4:      elyvilon_altar_4, kennysheep_mini_moat, lemuel_coloured_pillars_altar,
          temple_pool_b, jiyva_altar_1, uniq_robin
D:5:      kennysheep_kobold_camp, uniq_pikel, uniq_blork_the_orc, uniq_edmund
D:6:      serial_shops, shop, grunt_decor_cap, hangedman_decor_peaks_small,
          uniq_crazy_yiuf_cottage
D:7:      black_bear_nest_2, lemuel_blue_sif_altar,
          nicolae_overflow_crystal_walls
D:8:      lemuel_zombie_altar_yredelemnul
D:9:      nicolae_ru_path_of_blood, basic_altar
D:10:     blue_anna_alchemist, okawaru_ov_weapons_minmay
D:11:     grunt_lair_entry_elf_guard_hut, uniq_sonja
D:12:     david_orc_1_choice, serial_shops, nicolae_shop_statue_plus,
          amethyst_killhole, st_stairs_1, bh_walls_and_bars
Sewer:    sewer_the_crocodile

Table legend:
 A = Turns spent in this place as a percentage of turns spent in the entire game.
 B = Non-inter-level travel turns spent in this place as a percentage of non-inter-level travel turns spent in the entire game.
 C = Inter-level travel turns spent in this place as a percentage of turns spent in this place.
 D = Turns resting spent in this place as a percentage of non-inter-level travel turns spent in this place.
 E = Turns spent auto-exploring this place as a percentage of non-inter-level travel turns spent in this place.
 F = Non-inter-level travel turns spent in this place divided by the number of levels of this place that you've seen.
                   A       B       C       D       E      F
               +-------+-------+-------+-------+-------+----------------------
         Total | 100.0 | 100.0 |   0.3 |   1.7 |   9.1 | 287.1
       Dungeon |  97.5 |  97.5 |   0.3 |   1.7 |   9.3 | 303.2
         Sewer |   2.5 |   2.5 |   0.0 |   0.0 |   3.2 |  94.0
               +-------+-------+-------+-------+-------+----------------------

Table legend:
 A = Kills in this place as a percentage of kills in entire the game.
 B = Kills by you in this place as a percentage of kills by you in the entire game.
 C = Kills by friends in this place as a percentage of kills by friends in the entire game.
 D = Other kills in this place as a percentage of other kills in the entire game.
 E = Experience gained in this place as a percentage of experience gained in the entire game.
 F = Experience gained in this place divided by the number of levels of this place that you have seen.
                   A       B       C       D       E      F
               +-------+-------+-------+-------+-------+----------------------
         Total | 100.0 | 100.0 | 100.0 |  -nan | 100.0 | 809.9
       Dungeon |  98.1 |  98.0 | 100.0 |  -nan |  98.9 | 867.6
         Sewer |   1.9 |   2.0 |   0.0 |  -nan |   1.1 | 118.0
               +-------+-------+-------+-------+-------+----------------------
